 Dungeon Crawl Stone Soup version 0.25.1-2-g60ff931df9 (webtiles) character file.

Game seed: 10506353815640810775

1161 gruber the Cleaver (level 8, -2/68 HPs)
             Began as a Deep Dwarf Fighter on Aug 20, 2020.
             Slain by an orc warrior
             ... wielding a +0 hand axe
              (4 damage)
             ... on level 6 of the Dungeon.
             The game lasted 00:06:24 (3844 turns).

gruber the Cleaver (Deep Dwarf Fighter)             Turns: 3844, Time: 00:06:25

Health: -2/68      AC:  9    Str: 18    XL:     8   Next: 16%
Magic:  3/3        EV:  7    Int:  9    God:
Gold:   152        SH:  9    Dex: 18    Spells: 7/7 levels left

rFire    . . .     SeeInvis .   a - +0 war axe
rCold    . . .     Gourm    .   c - +0 kite shield
rNeg     . . .     Faith    .   b - +0 scale mail
rPois    .         Spirit   .   (no helmet)
rElec    .         Reflect  .   m - +0 cloak
rCorr    .         Harm     .   k - +0 pair of gloves
MR       +....                  (no boots)
Stlth    ..........             (no amulet)
HPRegen  0.00/turn              g - +6 ring of dexterity
MPRegen  0.08/turn              o - -4 ring of strength (curse)

@: non-regenerating
A: damage resistance, heal wounds, sense surroundings 1, no regeneration
a: Heal Wounds


You were on level 6 of the Dungeon.
You were not hungry.

You visited 1 branch of the dungeon, and saw 6 of its levels.

You collected 152 gold pieces.

Inventory:

Hand Weapons
 a - a +0 war axe (weapon)
 q - a +1 hunting sling of flaming
Missiles
 r - 229 stones (quivered)
 u - 17 sling bullets
Armour
 b - a +0 scale mail (worn)
 c - a +0 kite shield (worn)
 k - a +0 pair of gloves (worn)
 m - a +0 cloak (worn)
Jewellery
 g - a +6 ring of dexterity (left hand)
 l - an uncursed ring of protection from cold
 o - a cursed -4 ring of strength (right hand)
 p - an uncursed ring of protection from magic
Wands
 h - a wand of digging (3)
 w - a wand of disintegration (38)
Scrolls
 e - 2 scrolls of teleportation
 j - 5 scrolls of identify
 t - a scroll of fear
 x - a scroll of noise {unknown}
Potions
 d - 2 potions of might
 i - 3 potions of curing {unknown}
 n - a potion of brilliance {unknown}
 s - a potion of flight {unknown}
Comestibles
 f - 10 rations
 v - 2 chunks of flesh


   Skills:
 - Level 2.6 Fighting
 * Level 9.4 Axes
 - Level 5.1 Slings
 - Level 3.2 Armour
 - Level 3.2 Shields


You had 7 spell levels left.
You didn't know any spells.
Your spell library was empty.

Dungeon Overview and Level Annotations

Branches:
Dungeon (6/15)
 Temple: D:4-7

Altars:
Elyvilon
Gozag
Kikubaaqudgha
Nemelex Xobeh
Okawaru
Vehumet
Wu Jian
The Shining One


Innate Abilities, Weirdness & Mutations

You are resistant to damage.
You can heal yourself by infusing magical energy.
You passively map a small area around you.
You do not regenerate.


Message History

The orc warrior hits you but does no damage.
You hit the orc warrior.
The orc warrior is heavily wounded.
The orc warrior completely misses you.
You hit the orc warrior but do no damage.
The orc warrior is heavily wounded.
The orc warrior hits you with a +0 hand axe!
* * * LOW HITPOINT WARNING * * *
You hit the orc warrior but do no damage.
The orc warrior is heavily wounded.
The orc warrior hits you with a +0 hand axe.
* * * LOW HITPOINT WARNING * * *
Your shield and scale mail prevent you from hitting the orc warrior.
The orc warrior is heavily wounded.
The orc warrior hits you with a +0 hand axe!
* * * LOW HITPOINT WARNING * * *
You hit the orc warrior.
The orc warrior is heavily wounded.
The orc warrior hits you with a +0 hand axe.
You die...

#..#### #..# ###
#..# #.## * #..#
##..# , #..#
##...# ,,
#..######....# *
##..รท..#.....##
*
##..##........#
,
##@.####.......#
, ##o)##
##......# ##..##
#......## ,*
##).## ##......#
##(.## #......#
, ##..##
##....## .##*
##..## * *
##...# #..#
##.<## > ##..#
#..###..##
**..o..## #..#


You could see an orc warrior.

Vanquished Creatures
  A sky beast (D:4)
  3 ogres
  3 centaurs
  A bullfrog (D:4)
  A wyvern skeleton (D:6)
  A crimson imp (D:4)
  2 orc wizards (D:5)
  2 orc priests
  A jelly (D:5)
  3 iguanas (D:5)
  A worker ant (D:5)
  A howler monkey zombie (D:5)
  6 adders
  4 worms (D:2)
  2 dart slugs
  2 leopard geckos
  14 orcs
  2 giant cockroaches
  6 goblins
  7 hobgoblins
  8 jackals
  7 kobolds
  A quokka (D:4)
  A ball python skeleton (D:4)
  5 bats
  3 frilled lizards
  A quokka skeleton (D:5)
  9 rats
98 creatures vanquished.

Notes
Turn   | Place    | Note
-------+----------+-------------------------------------------
     0 | D:1      | gruber the Deep Dwarf Fighter began the quest for the Orb.
     0 | D:1      | Reached XP level 1. HP: 20/20 MP: 1/1
   212 | D:1      | Reached skill level 3 in Axes
   233 | D:1      | Reached XP level 2. HP: 25/27 MP: 2/2
   636 | D:2      | Found a sparkling altar of Nemelex Xobeh.
   683 | D:2      | Reached skill level 4 in Axes
   683 | D:2      | Reached XP level 3. HP: 28/33 MP: 3/3
   920 | D:2      | Found a glowing golden altar of the Shining One.
  1086 | D:2      | Reached XP level 4. HP: 20/40 MP: 4/4
  1169 | D:2      | Found an ornate altar of the Wu Jian Council.
  1321 | D:3      | Reached skill level 5 in Axes
  1385 | D:3      | Noticed a centaur
  1398 | D:3      | Killed a centaur
  1398 | D:3      | Reached skill level 6 in Axes
  1398 | D:3      | Reached XP level 5. HP: 39/46 MP: 5/5
  2220 | D:4      | Reached skill level 1 in Slings
  2340 | D:4      | Reached XP level 6. HP: 36/55 MP: 6/6
  2795 | D:5      | Entered Level 5 of the Dungeon
  2890 | D:5      | Reached skill level 5 in Slings
  2890 | D:5      | Reached XP level 7. HP: 14/61 MP: 6/6
  3038 | D:4      | Reached skill level 7 in Axes
  3068 | D:5      | Reached skill level 8 in Axes
  3191 | D:5      | Reached XP level 8. HP: 35/68 MP: 3/3
  3228 | D:5      | Reached skill level 9 in Axes
  3473 | D:5      | Found a radiant altar of Vehumet.
  3473 | D:5      | Found an iron altar of Okawaru.
  3478 | D:5      | Found an ancient bone altar of Kikubaaqudgha.
  3480 | D:5      | Found a white marble altar of Elyvilon.
  3481 | D:5      | Found an opulent altar of Gozag.
  3843 | D:6      | HP: 2/68 [orc warrior/+0 hand axe (14)]
  3844 | D:6      | Slain by an orc warrior

Illustrated notes

Levels and vault maps discovered:
D:1:      matt_arrival_grand_opening, layout_basic
D:2:      layout_loops_ring, tso_oasis_becter, lemuel_coloured_pillars_altar,
          nemelex_xobeh_ov_fountains_minmay, first_ration
D:3:      layout_basic
D:4:      layout_cave_pools, nrook_mini_backslash
D:5:      layout_cave_pools, chequers_temple_overflow_minitemple
D:6:      layout_cave_pods

Skill      XL: |  1  2  3  4  5  6  7  8 |
---------------+-------------------------+-----
Axes           | 3 4 6 8 9 |  9.4
Slings         | 2 5 |  5.1
Fighting       | |  2.6
Armour         | |  3.2
Shields        | |  3.2

Action                   |  1- 3 |  4- 6 |  7- 9 || total
-------------------------+-------+-------+-------++-------
Melee: War axe           |   100 |    70 |   130 ||   300
 Fire: Hunting sling     |       |    58 |    50 ||   108
 Abil: Heal Wounds       |       |     3 |    10 ||    13
  Use: Scroll            |       |     5 |       ||     5
  Eat: Chunk             |     1 |     5 |     4 ||    10
Armor: Scale mail        |    47 |    36 |    60 ||   143
Dodge: Dodged            |    29 |    27 |    41 ||    97
Block: Kite shield       |    54 |    40 |    64 ||   158
